Map: Cactus Valley LE (Void)

Players

Wintersc2 (Winter)

  • Race: Zerg Zerg

llllllllllll (Harstem) - Winner!

  • Race: Zerg Zerg

VOD

Have the link to the VOD?

Description

Time

  • Played on: April 8, 2015, 7:19 p.m.
  • Length: 17:57
Show
View Real Time Build Order
Export as new Build Order

Wintersc2 Zerg 

Build Orders: Hatch First 

Get SALT Encoding   

  12  0:09  Drone  
  13  0:18  Overlord  
  13  0:22  Drone  
  14  0:37  Drone  
  14  0:38  Drone  
  14  0:42  Drone  
  17  0:55  Drone  
  18  1:07  Hatchery, Drone  
  18  1:25  Drone x2  
  20  1:26  Spawning Pool  
  20  1:27  Extractor  
  18  1:40  Drone  
  19  1:49  Overlord  
  19  1:58  Drone  
  20  2:15  Queen  
  22  2:16  Zergling x2  
  22  2:17  Spine Crawler  
  22  2:21  Zergling x4  
  24  2:23  Roach Warren  
  24  2:30  Zergling x4  
  21  2:56  Zergling x4  
  21  2:57  Zergling x4  
  24  3:04  Burrow  
  24  3:05  Zergling x2  
  24  3:06  Zergling x2  
  26  3:16  Roach  
  27  3:30  Roach  
  25  3:35  Roach  
  27  3:46  Roach  
  29  3:55  Extractor  
  29  3:56  Overlord  
  28  4:08  Overlord  
  28  4:19  Roach  
  30  4:28  Roach  
  32  4:38  Roach  
  34  4:51  Roach x2  
  37  4:57  Roach x3  
  37  4:58  Roach x3  
  43  5:05  Hatchery  
  42  5:10  Roach  
  44  5:18  Roach x3  
  43  5:23  Roach  
  43  5:28  Roach  
  45  5:29  Lair  
  43  5:44  Roach  
  43  5:45  Roach x2  
  43  6:01  Roach  
  43  6:03  Ravager  
  46  6:07  Overlord  
  46  6:21  Roach x2  
  50  6:29  Roach  
  50  6:31  Roach  
  52  6:36  Roach x3  
  49  6:41  Roach  
  49  6:46  Roach  
  47  6:49  Roach  
  47  6:53  Roach  
  47  6:58  Roach  
  49  7:05  Roach  
  49  7:14  Roach  
  49  7:21  Drone  
  46  7:25  Drone  
  41  7:41  Hydralisk Den  
  40  7:47  Overlord  
  40  7:56  Spore Crawler  
  39  8:07  Spore Crawler, Roach x3  
  39  8:08  Roach x2  
  38  8:14  Roach  
  38  8:15  Hydralisk  
  38  8:17  Drone  
  38  8:19  Drone  
  42  8:31  Hydralisk, Roach  
  44  8:37  Drone  
  44  8:38  Roach  
  41  8:49  Roach  
  41  8:51  Hydralisk  
  41  8:52  Hydralisk  
  41  8:54  Drone  
  42  9:01  Drone x2  
  44  9:09  Drone, Roach  
  46  9:10  Drone  
  46  9:14  Drone  
  45  9:22  Roach x3  
  45  9:23  Roach x2  
  45  9:24  Roach  
  45  9:33  Hydralisk x3  
  51  9:50  Hydralisk  
  47  9:54  Drone x3  
  50  10:02  Hydralisk x3  
  52  10:11  Muscular Augments  
  50  10:17  Roach  
  50  10:19  Overlord  
  52  10:32  Overlord x2  
  51  10:42  Drone  
  51  10:48  Queen  
  51  10:49  Hydralisk  
  55  10:55  Drone  
  55  10:56  Drone  
  57  10:58  Extractor  
  56  11:08  Drone x2  
  58  11:14  Hydralisk x2  
  58  11:16  Hydralisk  
  64  11:27  Hydralisk x2  
  68  11:34  Hydralisk  
  68  11:38  Overlord  
  70  11:52  Overlord  
  68  12:01  Overlord  
  68  12:14  Roach x3  
  68  12:15  Roach  
  76  12:21  Roach x2  
  80  12:25  Roach  
  82  12:32  Roach  
  78  12:39  Roach  
  78  12:40  Roach  
  63  12:50  Roach x2  
  57  12:58  Hydralisk x2  
  61  13:08  Roach  
  61  13:12  Ravager x4  
  67  13:18  Ravager  
  68  13:26  Roach x2  
  68  13:27  Roach  
  74  13:36  Roach  
  74  13:37  Overlord  
  74  13:43  Hydralisk  
  74  13:53  Hydralisk x2  
  76  13:58  Hydralisk  
  60  14:27  Hydralisk x2  
  60  14:29  Roach x4  
  60  14:38  Queen  
  62  14:39  Hydralisk  
  61  14:46  Hydralisk  
  61  14:50  Roach  
  65  14:54  Hydralisk  
  67  15:06  Hydralisk x2  
  65  15:17  Hydralisk  
  65  15:27  Extractor  
  64  15:29  Hydralisk  
  64  15:35  Overlord, Queen  
  66  15:38  Hatchery  
  66  15:39  Hydralisk  
  71  15:43  Roach  
  71  15:44  Roach  
  73  15:55  Overlord  
  73  16:04  Roach x3  
  73  16:05  Roach  
  81  16:14  Overlord  
  81  16:21  Roach x2  
  85  16:30  Hydralisk x2  
  89  16:39  Hydralisk  
  89  16:46  Overlord  
  91  16:55  Overlord  
  91  16:59  Overlord  
  90  17:14  Hydralisk x4  
  96  17:26  Roach  
  96  17:27  Roach  
Show
View Real Time Build Order
Export as new Build Order

llllllllllll Zerg - Winner!

Build Orders: Pool First 

Get SALT Encoding   

  12  0:01  Drone  
  13  0:21  Drone, Extractor  
  13  0:30  Spawning Pool  
  13  0:32  Drone  
  13  0:37  Drone  
  14  0:45  Extractor  
  14  0:46  Drone  
  15  0:53  Overlord  
  15  1:17  Zergling x6  
  18  1:21  Metabolic Boost  
  18  1:33  Queen  
  18  1:35  Zergling x2  
  21  1:44  Baneling Nest  
  21  1:45  Zergling x2  
  21  1:50  Zergling x2  
  22  2:09  Overlord  
  22  2:28  Baneling x2  
  22  2:30  Zergling x4  
  24  2:40  Zergling x2  
  25  2:46  Baneling  
  23  3:00  Zergling x2  
  23  3:01  Zergling x6  
  27  3:10  Hatchery  
  27  3:11  Drone  
  27  3:19  Lair  
  27  3:24  Drone  
  25  3:40  Drone x3  
  26  3:42  Baneling  
  26  3:46  Baneling  
  26  3:49  Drone  
  27  3:56  Extractor  
  27  3:57  Drone x2  
  28  4:06  Overlord  
  28  4:09  Drone  
  29  4:15  Drone  
  30  4:41  Spine Crawler  
  30  4:42  Spine Crawler  
  30  4:45  Spire  
  26  4:51  Drone x2  
  27  4:55  Zergling x2  
  28  5:06  Zergling x4  
  30  5:10  Overseer  
  26  5:44  Drone x2  
  26  5:45  Drone x6  
  33  5:58  Mutalisk  
  33  5:59  Mutalisk  
  37  6:05  Mutalisk  
  37  6:11  Mutalisk  
  41  6:20  Mutalisk  
  43  6:32  Zergling x6  
  43  6:42  Queen  
  43  6:43  Drone x2  
  40  6:50  Drone x2  
  41  6:57  Drone  
  41  6:58  Drone  
  41  7:05  Mutalisk  
  38  7:12  Drone  
  38  7:13  Extractor  
  36  7:24  Drone  
  36  7:25  Drone  
  35  7:33  Mutalisk  
  36  7:41  Drone  
  37  7:47  Drone  
  37  7:48  Drone  
  39  7:58  Drone x3  
  42  7:59  Drone  
  43  8:07  Drone  
  43  8:09  Overlord  
  44  8:28  Drone x8  
  52  8:41  Overlord  
  49  8:46  Mutalisk  
  49  8:47  Mutalisk  
  50  9:00  Mutalisk  
  51  9:12  Overlord  
  51  9:13  Drone x5  
  51  9:16  Overseer  
  55  9:21  Drone  
  56  9:26  Overlord  
  56  9:32  Drone x2  
  58  9:44  Mutalisk x2  
  61  9:52  Drone  
  61  9:53  Drone x3  
  63  10:11  Evolution Chamber  
  62  10:30  Extractor  
  62  10:32  Hatchery  
  62  10:34  Roach Warren  
  59  10:42  Overlord x2  
  59  10:55  Zerg Missile Weapons Level 1  
  59  11:08  Pneumatized Carapace  
  59  11:15  Roach  
  59  11:16  Roach x6  
  73  11:41  Roach x5  
  83  11:55  Roach  
  83  11:56  Overlord, Roach x2  
  89  12:13  Roach x3  
  89  12:19  Roach Warren  
  76  12:43  Mutalisk x6  
  62  12:58  Queen  
  64  13:00  Glial Reconstitution  
  64  13:01  Roach  
  68  13:20  Roach x4  
  68  13:24  Ravager  
  75  13:30  Ravager  
  76  13:41  Mutalisk x4  
  76  13:45  Mutalisk  
  86  13:53  Mutalisk  
  88  14:05  Mutalisk x2  
  73  14:31  Mutalisk x3  
  72  14:33  Drone x4  
  82  14:41  Overlord  
  82  14:42  Ravager  
  83  14:58  Mutalisk  
  85  15:02  Roach x2  
  87  15:11  Roach  
  89  15:20  Roach x3  
  95  15:23  Drone  
  95  15:26  Drone  
  95  15:27  Drone  
  98  15:32  Drone x2  
  100  15:42  Roach  
  102  15:43  Roach x2  
  104  15:53  Roach  
  106  16:06  Overlord x2  
  106  16:25  Roach x9  
  122  16:37  Overlord  
  122  16:45  Roach  
  122  16:48  Overlord  
  122  16:49  Overlord  
  122  17:00  Roach x4  
  130  17:03  Overlord  
  130  17:17  Roach x4  
  130  17:18  Roach x3  
  144  17:25  Drone  
  144  17:26  Drone x2, Extractor  
  146  17:35  Roach x4  
Tags
 
Add a new tag
Caveats
  • Supply blocks, unpowered buildings, or Contaminate may cause inaccurate times.
  • Supply counts are checked every 10 seconds.